 Dungeon Crawl Stone Soup version 0.27.0-1-g7a089689b8 (webtiles) character file.

Game seed: 10513736022861724168

808 tilp the Cleaver (level 8, -1/60 HPs)
             Began as a Formicid Warper on Aug 2, 2021.
             Was an Initiate of Ru.
             Slain by a steam dragon (5 damage)
             ... on level 6 of the Dungeon.
             The game lasted 00:08:39 (7230 turns).

tilp the Cleaver (Formicid Warper)                  Turns: 7230, Time: 00:08:40

Health: -1/60      AC:  9    Str: 18    XL:     8   Next: 15%
Magic:  11/11      EV:  7    Int: 13    God:    Ru [......]
Gold:   234        SH:  0    Dex: 10    Spells: 11/11 levels left

rFire    . . .     SeeInvis +   a - +0 war axe
rCold    . . .     Faith    .   (no shield)
rNeg     . . .     Spirit   .   j - +1 chain mail
rPois    .         Reflect  .   (helmet unavailable)
rElec    .         Harm     .   (no cloak)
rCorr    .         Rampage  .   (no gloves)
Will     .....                  (no boots)
Stlth    ..........             h - amulet of the acrobat
HPRegen  0.20/turn              (no ring)
MPRegen  0.12/turn              (no ring)

@: no status effects
A: permanent stasis, dig shafts and tunnels, antennae 3, no stealth, four strong
arms
a: Dig, Shaft Self, Renounce Religion


You were on level 6 of the Dungeon.
You worshipped Ru.
Ru was noncommittal.
You visited 1 branch of the dungeon, and saw 6 of its levels.

You collected 234 gold pieces.

Inventory:

Hand Weapons
 a - a +0 war axe (weapon)
 b - a +1 hand axe
Missiles
 e - 5 javelins
 k - 11 boomerangs (quivered)
 l - a curare-tipped dart
 o - 3 poisoned darts
Armour
 j - a +1 chain mail (worn)
Jewellery
 h - an amulet of the acrobat (around neck)
Scrolls
 p - a scroll of identify
Potions
 c - a potion of brilliance
 d - 2 potions of lignification
 f - a potion of heal wounds
 g - 2 potions of invisibility
 i - 2 potions of flight
 m - a potion of mutation {unknown}
 n - a potion of cancellation {unknown}


   Skills:
 + Level 4.1 Fighting
 + Level 8.0 Axes
 + Level 1.2 Throwing
 - Level 1.1 Armour
 + Level 2.1 Dodging
 - Level 2.1 Spellcasting
 - Level 2.6 Translocations


You had 11 spell levels left.
You didn't know any spells.
Your spell library contained the following spells:

 Spells                   Type           Power      Damage    Failure   Level
 Beastly Appendage        Tmut           2%         N/A       98%         1
 Gell's Gravitas          Tloc           4%         N/A       98%         3
 Lesser Beckoning         Tloc           4%         N/A       98%         3
 Teleport Other           Tloc           8%         N/A       98%         3
 Ensorcelled Hibernation  Hex/Ice        2%         N/A       99%         2
 Slow                     Hex            1%         N/A       99%         2
 Wereblood                Tmut           1%         N/A       99%         2
 Confusing Touch          Hex            1%         N/A       100%        3
 Spider Form              Tmut/Pois      0%         N/A       100%        3
 Manifold Assault         Tloc           8%         N/A       100%        5
 Yara's Violent Unravell  Hex/Tmut       0%         3d3       100%        5
 Shadow Creatures         Summ           N/A        N/A       100%        6
 Blink                    Tloc           Unusable   N/A       N/A         2

Dungeon Overview and Level Annotations

Branches:
Dungeon (6/15)
 Temple: D:4-7

Altars:
Gozag
Ru

Annotations:
D:5 3 runed translucent doors, Anothat's ghost, novice FoFi
D:6 Menkaure


Innate Abilities, Weirdness & Mutations

You cannot be hasted, slowed, berserked, paralysed or teleported.
You can dig through walls and to a lower floor.
You have a pair of large antennae on your head. (SInv)
You cannot be stealthy.
Your four strong arms can wield two-handed weapons with a shield.


Message History

You open the door.
There is an open door here.
You sense a monster nearby.
k - 11 boomerangs (gained 5)
You open the door.
Menkaure, Prince of Dust comes into view.
Menkaure shouts!
A steam dragon comes into view.
There is an open door here.
There are monsters nearby!
There are monsters nearby!
The steam dragon hisses angrily.
Menkaure calls on the powers of darkness!
Your body is wracked with pain!
The steam dragon convulses!
There is an open door here.
The steam dragon breathes steam at you. The ball of steam hits you!
* * * LOW HITPOINT WARNING * * *
There is an open door here.
You start resting.
A steam dragon is nearby!
You hit the steam dragon but do no damage.
The steam dragon is heavily wounded.
The steam dragon breathes steam at you. The ball of steam hits you!
* * * LOW HITPOINT WARNING * * *
You hit the steam dragon.
The steam dragon is severely wounded.
You are engulfed in a cloud of scalding steam.
* * * LOW HITPOINT WARNING * * *
The steam dragon barely misses you.
The steam dragon claws you but does no damage.
You hit the steam dragon.
The steam dragon is severely wounded.
You are engulfed in a cloud of scalding steam.
* * * LOW HITPOINT WARNING * * *
The steam dragon bites you.
* * * LOW HITPOINT WARNING * * *
The steam dragon claws you.
You die...

#######............#
.....#.............#
.....+.............#
.....#......{†.....#
.....###'##.####...#
+##'##...##D####...#
..#......+.....#.§§#
..#......#.....#§.§#
..#......#.....#@§§#
..#......#.....D...#
..#......#.....#...#
..#......#.....#...#
################...#
...... { #####
...... ...... ......


You could see a steam dragon.

Vanquished Creatures
  A necrophage (D:4)
  A kobold brigand (D:6)
  A scorpion (D:5)
  2 bullfrog zombies
  3 hounds
  2 jellies
  A centaur skeleton (D:4)
  A bullfrog skeleton (D:5)
  An iguana (D:6)
  An orc wizard (D:5)
  Natasha (thrice) (D:4)
  9 gnolls
  3 adders
  An adder skeleton (D:4)
  3 dart slugs
  5 orcs
  8 endoplasms
  5 giant cockroaches
  4 goblins
  6 hobgoblins
  4 jackals (D:1)
  3 quokkas
  2 ball pythons
  5 bats
  5 frilled lizards
  6 kobolds
  3 rats
89 creatures vanquished.

Notes
Turn   | Place    | Note
-------+----------+-------------------------------------------
     0 | D:1      | tilp the Formicid Warper began the quest for the Orb.
     0 | D:1      | Reached XP level 1. HP: 16/16 MP: 3/3
    26 | D:1      | Found a faded altar of an unknown god.
   106 | D:1      | Became a worshipper of Ru the Awakened
   146 | D:1      | Reached XP level 2. HP: 9/22 MP: 5/5
   583 | D:1      | Reached skill level 3 in Axes
   795 | D:1      | Reached XP level 3. HP: 13/27 MP: 6/6
  2142 | D:2      | Gained mutation: You cannot be stealthy. [Ru sacrifice]
  2201 | D:2      | Reached skill level 4 in Axes
  2201 | D:2      | Reached XP level 4. HP: 33/33 MP: 7/7
  3728 | D:4      | Noticed Natasha
  3737 | D:4      | Killed Natasha
  3738 | D:4      | Reached XP level 5. HP: 16/40 MP: 8/8
  4194 | D:4      | Noticed a necrophage
  4208 | D:4      | Killed a necrophage
  4209 | D:4      | Reached skill level 5 in Axes
  4209 | D:4      | Reached XP level 6. HP: 39/48 MP: 9/9
  4506 | D:4      | Noticed Natasha
  4512 | D:4      | Killed Natasha
  4536 | D:4      | Noticed Natasha
  4548 | D:4      | Killed Natasha
  4684 | D:5      | Entered Level 5 of the Dungeon
  4708 | D:5      | Reached skill level 6 in Axes
  4831 | D:5      | Reached XP level 7. HP: 48/54 MP: 10/10
  5665 | D:5      | Reached skill level 7 in Axes
  6113 | D:5      | Found a runed translucent gate.
  6114 | D:5      | Found a runed translucent gate.
  6115 | D:5      | Found a runed translucent gate.
  6118 | D:5      | Found an opulent altar of Gozag.
  6118 | D:5      | Noticed a shadow
  6119 | D:5      | Noticed Anothat's ghost (novice FoFi)
  6981 | D:6      | Reached XP level 8. HP: 53/60 MP: 11/11
  6984 | D:6      | Reached skill level 8 in Axes
  7199 | D:6      | Noticed Menkaure
  7230 | D:6      | Slain by a steam dragon

Illustrated notes

Levels and vault maps discovered:
D:1:      tarquinn_simple_flora_water_a, layout_rooms,
          shapermc_ecumenical_altar_starsandcircs
D:2:      layout_basic, serial_curves, eino_curves_04, eino_curves_04,
          kennysheep_generic_room_13
D:3:      layout_loops_ring
D:4:      cheibrodos_helix_gallery, layout_basic, uniq_natasha
D:5:      layout_cave_pods, ebering_ghost_gozag, cheibrodos_gnoll_hut
D:6:      layout_gridville, minmay_temple_entry_antechambers, serial_shops,
          nicolae_lakefront_shop, uniq_menkaure

Skill      XL: |  1  2  3  4  5  6  7  8 |
---------------+-------------------------+-----
Axes           | 3 4 5 6 7 8 |  8.0
Dodging        | 2 |  2.1
Fighting       | 4 |  4.1
Throwing       | |  1.2
Armour         | |  1.1
Spellcasting   | |  2.1
Translocations | |  2.6

Action                   |  1- 3 |  4- 6 |  7- 9 || total
-------------------------+-------+-------+-------++-------
Melee: Hand axe          |   133 |    73 |       ||   206
       War axe           |       |    71 |    93 ||   164
Throw: Boomerang         |     5 |       |     4 ||     9
       Javelin           |       |       |     1 ||     1
Invok: Sacrifice Stealth |     1 |       |       ||     1
       Reject Sacrifices |       |       |     1 ||     1
  Use: Scroll            |     3 |     7 |     4 ||    14
       Potion            |       |       |     1 ||     1
Armor: Leather armour    |    46 |    19 |       ||    65
       Chain mail        |       |    47 |    44 ||    91
Dodge: Dodged            |    97 |    60 |    42 ||   199
